AoeStats
← SfL13

Arena

507035086Analyzed
1v1 RM · 14d ago on Sep 16, 2026· 24m 3s· 2 players
Game mode
Random Map
Map size
Tiny (2 player)
Population
200
Speed
Normal
Resources
Standard
Victory
Conquest
Starting age
Dark Age
Ending age
Imperial Age
RankedLock teamsTeams togetherTeam positionsShared explorationLock speedFull tech treeHidden civsTurbo modeCheats
Victory
Defeat
🇿🇦 Japanese · South Africa
912
+18
🇩🇪 Hindustanis · Germany
951
-18
SfL13
11:32 Feudal Age
12:58 Double-Bit Axe
15:56 Castle Age
17:39 Loom
18:15 Bow Saw
Virtual Sabre
0:30 Loom
11:13 Feudal Age
15:30 Castle Age
13:22 Double-Bit Axe
13:33 Horse Collar
15:35 Gold Mining
17:26 Bow Saw
17:21 Loom
18:45 Loom
20:35 Stone Mining
Connection lost

Rejoining the realm…

Still unreachable

The connection could not be restored.

Session expired

The server has moved on; the page needs a fresh start.